 Dungeon Crawl Stone Soup version 0.28-a0-653-g7e9dba17c3 (webtiles) character file.

Game seed: 7482528977387665409

183 keeta the Ruffian (level 5, -6/40 HPs)
             Began as a Draconian Transmuter on Oct 12, 2021.
             Mangled by pokedragonboy's ghost (7 damage)
             ... on level 3 of the Dungeon.
             The game lasted 00:10:03 (2913 turns).

keeta the Ruffian (Draconian Transmuter)            Turns: 2913, Time: 00:10:04

Health: -6/40      AC:  7    Str: 13    XL:     5   Next: 35%
Magic:  8/8        EV: 12    Int: 13    God:
Gold:   130        SH:  0    Dex: 12    Spells: 8/9 levels left

rFire   . . .      SeeInvis .   h - +5 mace
rCold   . . .      Faith    .   (no shield)
rNeg    . . .      Spirit   .   (armour unavailable)
rPois   .          Reflect  .   (helmet restricted)
rElec   .          Harm     .   m - +0 cloak
rCorr   .          Rampage  .   (no gloves)
Will    .....                   n - +0 pair of boots
Stlth   ++........              (no amulet)
HPRegen 0.13/turn               (no ring)
MPRegen 0.11/turn               (no ring)

@: no status effects
A: AC +5, unfitting armour, cold-blooded
a: no special abilities


You were on level 3 of the Dungeon.
You visited 1 branch of the dungeon, and saw 3 of its levels.

You collected 130 gold pieces.

Inventory:

Hand Weapons
 b - a +0 dagger
 e - a +0 short sword
 f - a +0 club
 h - a +5 mace (weapon)
 p - a +0 halberd
Missiles
 a - 105 stones
 d - 3 poisoned darts (quivered)
Armour
 m - a +0 cloak (worn)
 n - a +0 pair of boots (worn)
Scrolls
 c - 2 scrolls of enchant armour {unknown}
 g - a scroll of torment {unknown}
 i - a scroll of magic mapping {unknown}
 l - a scroll of summoning {unknown}
 q - a scroll of holy word {unknown}
Potions
 j - a potion of attraction {unknown}
 k - a potion of curing
 o - 2 potions of flight {unknown}


   Skills:
 + Level 1.3 Fighting
 + Level 0.4 Short Blades
 + Level 2.5 Maces & Flails
 + Level 0.9 Throwing
 + Level 2.7 Dodging
 + Level 1.2 Stealth
 + Level 3.4 Unarmed Combat
 + Level 2.6 Spellcasting
 + Level 2.2 Transmutations


You had 8 spell levels left.
You knew the following spells:

 Your Spells              Type           Power      Damage    Failure   Level
a - Beastly Appendage     Tmut           14%        N/A       10%         1

Your spell library contained the following spells:

 Spells                   Type           Power      Damage    Failure   Level
 Wereblood                Tmut           7%         N/A       14%         2
 Spider Form              Tmut/Pois      2%         N/A       41%         3
 Ice Form                 Ice/Tmut       4%         N/A       83%         4


Dungeon Overview and Level Annotations

Branches:
Dungeon (3/15)

Altars:
Vehumet

Shops:
D:3 *

Annotations:
D:3 pokedragonboy's ghost, amateur MiCK


Innate Abilities, Weirdness & Mutations

Your plain brown scales are hard. (AC +5)
You cannot fit into any form of body armour.
You are cold-blooded and may be slowed by cold attacks.


Message History

* * * LOW HITPOINT WARNING * * *
It was a potion of curing.
You feel better. Pokedragonboy's ghost hits you!
* * * LOW HITPOINT WARNING * * *
You closely miss pokedragonboy's ghost.
Pokedragonboy's ghost is heavily damaged.
Pokedragonboy's ghost hits you.
* * * LOW HITPOINT WARNING * * *
You hit pokedragonboy's ghost but do no damage.
Pokedragonboy's ghost is heavily damaged.
Pokedragonboy's ghost hits you.
* * * LOW HITPOINT WARNING * * *
You feel better. Pokedragonboy's ghost hits you.
* * * LOW HITPOINT WARNING * * *
You sock pokedragonboy's ghost!
You tail-slap pokedragonboy's ghost, but do no damage.
Pokedragonboy's ghost is severely damaged.
Pokedragonboy's ghost closely misses you.
Pokedragonboy's ghost hits you but does no damage.
You barely miss pokedragonboy's ghost.
Your tail-slap misses pokedragonboy's ghost.
Pokedragonboy's ghost is severely damaged.
Pokedragonboy's ghost barely misses you.
You sock pokedragonboy's ghost!
Pokedragonboy's ghost is almost destroyed.
Pokedragonboy's ghost hits you.
* * * LOW HITPOINT WARNING * * *
You barely miss pokedragonboy's ghost.
Pokedragonboy's ghost is almost destroyed.
Pokedragonboy's ghost hits you but does no damage.
You hit pokedragonboy's ghost but do no damage.
You tail-slap pokedragonboy's ghost.
Pokedragonboy's ghost is almost destroyed.
Pokedragonboy's ghost hits you.
* * * LOW HITPOINT WARNING * * *
Pokedragonboy's ghost barely misses you.
You hit pokedragonboy's ghost.
Your tail-slap misses pokedragonboy's ghost.
Pokedragonboy's ghost is almost destroyed.
Pokedragonboy's ghost hits you!
You die...

#.##.##.........################
#.##.##.##..#...##.............#
#.##.##............###########)#
#.##.##........########### #)#
##.##.#...###.............#####.#
#...#....##⌠##..........#.......#
........##...##...#####...####..#
.......##..!..##..# ##.### #.)#
.......#⌠..♣...W@.# ##...#####..#
#......##..?..##..# #........)...
##.##...##...##...# #....#####..#
.........##⌠##....# #.#.## #...
##.####...###...#.###.#.# #.##
#.# ##.......##.....#.# #.# #.#
##...............# #.# ##.#
###....########## #.# ...# ######
#.##


You could see pokedragonboy's ghost.

Vanquished Creatures
  An orc priest (D:3)
  4 gnolls (D:3)
  4 adders
  A worm (D:2)
  A dart slug (D:3)
  3 orcs (D:3)
  3 bats
  5 endoplasms
  3 giant cockroaches
  7 goblins
  3 hobgoblins
  11 jackals (D:1)
  2 quokkas
  5 ball pythons
  2 frilled lizards
  7 kobolds
  5 rats
67 creatures vanquished.

Notes
Turn   | Place    | Note
-------+----------+-------------------------------------------
     0 | D:1      | keeta the Draconian Transmuter began the quest for the Orb.
     0 | D:1      | Reached XP level 1. HP: 16/16 MP: 3/3
   285 | D:1      | Reached XP level 2. HP: 23/23 MP: 5/5
   755 | D:1      | Reached XP level 3. HP: 27/28 MP: 6/6
  1175 | D:2      | Reached skill level 1 in Maces & Flails
  1598 | D:2      | Found a radiant altar of Vehumet.
  1619 | D:2      | Reached XP level 4. HP: 35/35 MP: 7/7
  1888 | D:3      | Found Oster's Assorted Antiques.
  2017 | D:3      | Noticed pokedragonboy's ghost (amateur MiCK)
  2020 | D:3      | Found a runed translucent door.
  2077 | D:3      | Reached skill level 1 in Stealth
  2096 | D:3      | Reached XP level 5. HP: 20/40 MP: 8/8
  2906 | D:3      | HP: 1/40 [pokedragonboy's ghost (6)]
  2912 | D:3      | HP: 1/40 [pokedragonboy's ghost (1)]
  2913 | D:3      | Mangled by pokedragonboy's ghost

Illustrated notes

Levels and vault maps discovered:
D:1:      erik_arrival_orb_chamber, layout_loops_ring, minmay_pentomino_p2
D:2:      layout_loops_cross, basic_altar, kennysheep_another_room,
          hangedman_feature_mirror, minmay_misc_feat_alley
D:3:      layout_loops_ring, hellmonk_ghost_happy_afterlife, serial_shops, shop

Skill      XL: |  1  2  3  4 |
---------------+-------------+-----
Dodging        | 2 |  2.7
Maces & Flails | 1 2 |  2.5
Stealth        | 1 |  1.2
Fighting       | |  1.3
Short Blades   | |  0.4
Throwing       | |  0.9
Unarmed Combat | |  3.4
Spellcasting   | |  2.6
Transmutations | |  2.2

Action                   |  1- 3 |  4- 6 || total
-------------------------+-------+-------++-------
Melee: Dagger            |    61 |       ||    61
       Unarmed           |     7 |       ||     7
       Tailslap          |     7 |     9 ||    16
       Kick              |     6 |       ||     6
       Short sword       |    18 |       ||    18
       Headbutt          |     5 |       ||     5
       Mace              |    44 |    88 ||   132
       Punch             |     1 |     3 ||     4
Throw: Dart              |     9 |    17 ||    26
       Stone             |       |     4 ||     4
 Cast: Beastly Appendage |     4 |       ||     4
  Use: Potion            |       |     2 ||     2
 Stab: Sleeping          |     2 |     1 ||     3
Armor: Skin              |    58 |    24 ||    82
Dodge: Dodged            |   103 |    42 ||   145

Table legend: (Time is in decaauts)
 A = Elapsed time spent in this place.
 B = Non-inter-level travel time spent in this place.
 C = Inter-level travel time spent in this place.
 D = Time resting spent in this place.
 E = Time spent auto-exploring this place.
 F = Levels seen in this place.
 G = Mean time per level.
                   A        B        C        D        E       F      G
               +--------+--------+--------+--------+--------+-----+--------+
         Total |   2954 |   2935 |     19 |    604 |   1323 |   3 |  984.7 |
       Dungeon |   2954 |   2935 |     19 |    604 |   1323 |   3 |  984.7 |
               +--------+--------+--------+--------+--------+-----+--------+

Top non-repeatable levels by time:
     D:1: 1102 daAuts
     D:3: 1079 daAuts
     D:2: 772 daAuts
